 Dungeon Crawl Stone Soup version 0.19.0-9-gfd783f2 (webtiles) character file.

94 dobroeutro the Shooter (level 4, 0/36 HPs)
             Began as a Centaur Hunter on Nov 7, 2016.
             Slain by Sigmund
             ... wielding a +0 scythe
              (7 damage)
             ... on level 3 of the Dungeon.
             The game lasted 00:03:31 (1797 turns).

dobroeutro the Shooter (Centaur Hunter)             Turns: 1797, Time: 00:03:31

Health: 0/36       AC:  7    Str: 15    XL:     4   Next: 38%
Magic:  4/4        EV:  7    Int: 10    God:
Gold:   164        SH:  0    Dex: 13    Spells: 0 memorised, 3 levels left

rFire  + + .     SeeInvis .     a - +1 shortbow
rCold  x . .     Gourm    .     h - +0 fire dragon scales
rNeg   . . .     Faith    .     (shield currently unavailable)
rPois  .         Spirit   .     (no helmet)
rElec  .         Reflect  .     (no cloak)
rCorr  .         Harm     .     (no gloves)
MR     .....                    (no barding)
Stlth  ..........               (no amulet)
                                (no ring)
                                q - +3 ring of dexterity

@: very quick
A: hooves 3, deformed body, speed 2, tough skin 3
a: no special abilities


You were on level 3 of the Dungeon.
You were not hungry.

You visited 1 branch of the dungeon, and saw 3 of its levels.

You collected 164 gold pieces.

Inventory:

Hand Weapons
 a - a +1 shortbow (weapon)
 b - a +0 short sword
Missiles
 d - 60 arrows (quivered)
Armour
 c - a +0 leather armour
 h - +0 fire dragon scales (worn)
Jewellery
 q - a +3 ring of dexterity (left hand)
Scrolls
 g - 3 scrolls of identify {unknown}
 i - a scroll of blinking {unknown}
 j - 2 scrolls of immolation {unknown}
 m - 2 scrolls of teleportation {unknown}
 n - 2 scrolls of amnesia {unknown}
 r - a scroll of remove curse {unknown}
 s - a scroll of random uselessness {unknown}
 t - a scroll of enchant armour {unknown}
 x - a scroll of noise {unknown}
Potions
 e - 2 potions of heal wounds {unknown}
 k - a potion of magic {unknown}
 p - a potion of degeneration {unknown}
 v - 2 potions of ambrosia {unknown}
 w - a potion of flight {unknown}
Comestibles
 f - 2 bread rations
 l - a meat ration
 o - 2 fruits
 u - a beef jerky
 z - a chunk of flesh


   Skills:
 - Level 2.0 Fighting
 + Level 7.8 Bows
 - Level 1.3 Dodging
 - Level 0.4 Stealth


You had 3 spell levels left.
You didn't know any spells.

Dungeon Overview and Level Annotations

Branches:
Dungeon (3/15)

Altars:
Sif Muna
Trog
Yredelemnul

Annotations:
D:3 Sigmund


Innate Abilities, Weirdness & Mutations

You have hooves in place of feet.
Armour fits poorly on your strangely shaped body.
You cover ground very quickly.
You have extremely tough skin. (AC +3)


Message History

The hobgoblin hits you but does no damage.
You hit Sigmund. You kick Sigmund, but do no damage.
Sigmund is heavily wounded.
Sigmund hits you with a scythe!
* * * LOW HITPOINT WARNING * * *
The hobgoblin hits you but does no damage.
Wield which item (- for none, * to show all)? (? for menu, Esc to quit)
a - a +1 shortbow (weapon)
Firing (i - inventory):
d - 62 arrows (quivered)
Press: ? - help, Shift-Dir - straight line, f - Sigmund
Aim: Sigmund, wielding a scythe and wearing a robe (heavily wounded)
You shoot an arrow. The arrow barely misses Sigmund.
Sigmund hits you but does no damage. The hobgoblin barely misses you.
Firing (i - inventory):
d - 61 arrows (quivered)
Press: ? - help, Shift-Dir - straight line, f/p - Sigmund
Aim: Sigmund, wielding a scythe and wearing a robe (heavily wounded)
You shoot an arrow. The arrow closely misses Sigmund.
The hobgoblin hits you but does no damage.
Sigmund hits you with a scythe!
You die...

######################
.....#...............#
....[..............#.#
#........####.#.#
#.######.# #...#
#@..)# #.# ##..##
#...g@....#.# #....
#.......#.#.# ##...
........(..... .......
###....#..#.#.#
####... #..?.#.##.#.#
#... #....#.. # #...
#....#### ##.. ##.


You could see Sigmund and a hobgoblin.

Vanquished Creatures
  Terence (D:2)
  An adder (D:3)
  2 oozes (D:1)
  2 worms
  2 dart slugs
  A leopard gecko (D:2)
  2 orcs (D:3)
  A giant cockroach (D:1)
  5 goblins
  4 hobgoblins
  A quokka (D:2)
  5 frilled lizards
  5 kobolds
  11 rats
  A spectral orc (D:2)
44 creatures vanquished.

Notes
Turn   | Place    | Note
-------+----------+-------------------------------------------
     0 | D:1      | dobroeutro the Centaur Hunter began the quest for the Orb.
     0 | D:1      | Reached XP level 1. HP: 17/17 MP: 1/1
   299 | D:1      | Reached XP level 2. HP: 20/24 MP: 2/2
   364 | D:1      | Reached skill level 6 in Bows
   801 | D:2      | Reached XP level 3. HP: 13/29 MP: 3/3
   821 | D:2      | Noticed a moth of wrath
   823 | D:2      | Found a bloodstained altar of Trog.
  1068 | D:2      | Noticed Terence
  1096 | D:2      | Killed Terence
  1096 | D:2      | Reached skill level 7 in Bows
  1251 | D:2      | Reached XP level 4. HP: 15/36 MP: 4/4
  1253 | D:2      | Found a deep blue altar of Sif Muna.
  1391 | D:2      | Found a basalt altar of Yredelemnul.
  1783 | D:3      | Noticed Sigmund
  1797 | D:3      | Slain by Sigmund

Skill      XL: |  1  2  3 |
---------------+----------+-----
Bows           | 6 7 |  7.8
Fighting       | |  2.0
Dodging        | |  1.3
Stealth        | |  0.4

Action                   |  1- 3 |  4- 6 || total
-------------------------+-------+-------++-------
Melee: Short sword       |   113 |    58 ||   171
       Kick              |    26 |    14 ||    40
 Fire: Shortbow          |     3 |     9 ||    12
  Eat: Chunk             |       |     2 ||     2
Armor: Fire dragon scale |    48 |    24 ||    72
       Leather armour    |     2 |       ||     2
Dodge: Dodged            |    34 |    23 ||    57
